 Dungeon Crawl Stone Soup version 0.21.0 (webtiles) character file.

7 Lanoc the Insei (level 2, 0/14 HPs)
             Began as a Vine Stalker Transmuter on Jan 6, 2018.
             Was a Follower of Elyvilon.
             Slain by an iguana (2 damage)
             ... on level 2 of the Dungeon.
             The game lasted 00:01:17 (373 turns).

Lanoc the Insei (Vine Stalker Transmuter)            Turns: 373, Time: 00:01:18

Health: 0/14       AC:  2    Str: 12    XL:     2   Next: 0%
Magic:  0/6        EV: 12    Int: 13    God:    Elyvilon [*.....]
Gold:   45         SH:  0    Dex: 14    Spells: 4/5 levels left

rFire    . . .     SeeInvis .     - Unarmed
rCold    . . .     Gourm    .   (no shield)
rNeg     . . .     Faith    .   b - +0 robe
rPois    .         Spirit   +   (no helmet)
rElec    .         Reflect  .   (no cloak)
rCorr    .         Harm     .   (no gloves)
MR       .....                  (boots currently unavailable)
Stlth    +.........             (no amulet)
HPRegen  0.04/turn              (no ring)
MPRegen  0.10/turn              (no ring)

@: appendage (expiring)
A: fangs 2, talons 3, magic shield, antimagic bite, no potion heal 3, rot
immunity
a: End Transformation, Lesser Healing, Divine Protection, Renounce Religion


You were on level 2 of the Dungeon.
You worshipped Elyvilon.
Elyvilon was aware of your devotion.
You were not hungry.
You had grown temporary talons.
You visited 1 branch of the dungeon, and saw 2 of its levels.

You collected 45 gold pieces.

Inventory:

Missiles
 a - 12 arrows
Armour
 b - a +0 robe (worn)
Scrolls
 e - a scroll of magic mapping {unknown}
 f - a scroll of identify {unknown}
 h - a scroll of fog {unknown}
 i - a scroll of amnesia {unknown}
Potions
 g - a potion of heal wounds {unknown}
Books
 c - a book of Changes

   Spells                             Type                      Level
   a - Beastly Appendage              Transmutation                1
   b - Sticks to Snakes               Transmutation                2
   c - Spider Form                    Transmutation/Poison         3
   d - Ice Form                       Ice/Transmutation            4
   e - Blade Hands                    Transmutation                5
Comestibles
 d - 2 rations
 j - 3 chunks of flesh


   Skills:
 + Level 1.0 Fighting
 + Level 1.6 Dodging
 * Level 3.1 Unarmed Combat
 + Level 2.2 Spellcasting
 * Level 2.2 Transmutations


You had 4 spell levels left.
You knew the following spells:

 Your Spells              Type           Power        Failure   Level  Hunger
a - Beastly Appendage     Tmut           #.....       10%         1    ##.....


Dungeon Overview and Level Annotations

Branches:
Dungeon (1/15)

Altars:
Elyvilon


Innate Abilities, Weirdness & Mutations

You have extremely sharp teeth.
When hurt, damage is shared between your health and your magic reserves.
Your bite disrupts and absorbs the magic of your enemies.
Potions cannot restore your health.
You are immune to rotting.
You have claws for feet.


Message History

You now have 45 gold pieces (gained 14).
An iguana and a worm come into view.
The iguana hisses angrily.
Casting: Beastly Appendage
Confirm with . or Enter, or press ? or * to list all spells.
Your feet morph into talons.
You hit the iguana but do no damage. Your kick misses the iguana.
You bite the iguana, but do no damage. The iguana barely misses you.
You hit the iguana but do no damage. You bite the iguana, but do no damage.
The iguana bites you.
You closely miss the iguana. The iguana bites you!
Ouch! That really hurt!
* * * LOW HITPOINT WARNING * * *
You barely miss the iguana. You bite the iguana, but do no damage.
Your transformation is almost over.
The iguana bites you.
* * * LOW HITPOINT WARNING * * *
Okay, then.
The iguana bites you.
You die...

. ########w..# ##.... ..
#######...######....
...####.......###....#..##
..............# #....'...#
.......8......# #....###.#
......8_8.....# #....# #>#
.......8......###....###..
.........l#...#........##.
.######..@#####........##.
#.................###
#.........#.........#
#...................#
#...................#
#...........###'#####
#.........#####'#####
#.........# #.......
#.........# #.......


You could see an iguana.

Vanquished Creatures
  A worm (D:2)
  A goblin (D:1)
  A hobgoblin (D:1)
  A rat (D:1)
4 creatures vanquished.

Notes
Turn   | Place    | Note
-------+----------+-------------------------------------------
     0 | D:1      | Lanoc the Vine Stalker Transmuter began the quest for the Orb.
     0 | D:1      | Reached XP level 1. HP: 9/9 MP: 4/4
   145 | D:1      | You fall through a shaft!
   332 | D:2      | Reached skill level 1 in Fighting
   332 | D:2      | Reached XP level 2. HP: 14/14 MP: 6/6
   340 | D:2      | Found a faded altar of an unknown god.
   345 | D:2      | Became a worshipper of Elyvilon the Healer
   345 | D:2      | Reached * piety under Elyvilon
   373 | D:2      | Slain by an iguana

Skill      XL: |  1 |
---------------+----+-----
Fighting       | 1 |  1.0
Dodging        | |  1.6
Unarmed Combat | |  3.1
Spellcasting   | |  2.2
Transmutations | |  2.2

Action                   || total
-------------------------++-------
Melee: Unarmed           ||    18
       Bite              ||     7
       Headbutt          ||     2
       Kick              ||     1
 Cast: Beastly Appendage ||     4
Armor: Robe              ||     1
Dodge: Dodged            ||     5
